 Dungeon Crawl Stone Soup version 0.30.1-4-g462c640d31 (webtiles) character file.

Game seed: 13787074849475304529

7 croobank the Sneak (level 2, -1/21 HPs)
             Began as an Octopode Delver on Aug 16, 2023.
             Slain by a black bear (4 damage)
             ... on level 5 of the Dungeon.
             The game lasted 00:02:31 (421 turns).

croobank the Sneak (Octopode Delver)                 Turns: 421, Time: 00:02:31

Health: -1/21      AC:  1    Str: 11    XL:     2   Next: 4%
Magic:  2/2        EV: 13    Int: 12    God:
Gold:   29         SH:  0    Dex: 13    Spells: 1/1 levels left

rFire   . . .        a - +0 short sword
rCold   . . .        (no shield)
rNeg    . . .        (helmet restricted)
rPois   .            (no amulet)
rElec   .            (no ring)
rCorr   .            (no ring)
SInv    .            (no ring)
Will    .....        (no ring)
Stlth   ++++         (no ring)
HPRegen 0.23/turn    (no ring)
MPRegen 0.08/turn    (no ring)
                     (no ring)

%: no passive effects
@: no status effects
A: almost no armour, amphibious, 8 rings, camouflage 1, gelatinous body 1,
(nimble swimmer 1), tentacles
a: no special abilities


You were on level 5 of the Dungeon.
You visited 2 branches of the dungeon, and saw 3 of its levels.

You collected 29 gold pieces.

Inventory:

Hand Weapons
 a - a +0 short sword (weapon)
Wands
 f - a wand of digging (3)
Scrolls
 b - a scroll of fog
 c - a scroll of magic mapping


   Skills:
 + Level 3.1 Fighting
 + Level 2.1 Short Blades
 + Level 2.2 Dodging
 + Level 6.7 Stealth


You had one spell level left.
You didn't know any spells.
Your spell library was empty.

Dungeon Overview and Level Annotations

Branches:
Dungeon (6/15)             Temple (1/1) D:5

Altars:
Ashenzari
Cheibriados
Elyvilon
Fedhas
Hepliaklqana
Kikubaaqudgha
Makhleb
Qazlal
Trog
Uskayaw
Wu Jian
Xom
Zin
The Shining One


Innate Abilities, Weirdness & Mutations

You cannot wear most types of armour.
You are amphibious.
You can wear up to eight rings at the same time.
Your skin changes colour to match your surroundings (Stealth+).
Your rubbery body absorbs attacks. (AC +1, EV +1)
((You are camouflaged when in or above water. (Stealth+)))
You have tentacles for arms and can constrict up to eight enemies at once.


Message History

The black bear completely misses you.
Okay, then.
There is a stone staircase leading down here.
You climb downwards.
Found a stone staircase leading down.
There is a stone staircase leading up here.
You are too injured to fight recklessly!
You are too injured to fight recklessly!
You are too injured to fight recklessly!
Found 11 gold pieces.
The helpless shadow imp fails to defend itself.
You puncture the shadow imp!
You kill the shadow imp!
You have reached level 2!
You start resting.
Your extra speed is starting to run out.
You start resting.
You feel yourself slow down.
You start resting.
HP restored.
You start waiting.
Done waiting.
You now have 29 gold pieces (gained 11).
d - a smoky red potion A jelly comes into view.
An ice beast and an iguana come into view.
There is a stone staircase leading down here.
There is a stone staircase leading up here.
You climb upwards.
The black bear closely misses you. The black bear claws you. x2
The black bear bites you. The black bear closely misses you. x2
There is a stone staircase leading down, spattered with blood here.
You closely miss the black bear. Your grab misses the black bear.
The black bear bites you! The black bear barely misses you.
The black bear claws you.
* * * LOW HITPOINT WARNING * * *
It was a potion of curing.
You feel better. The black bear bites you!
* * * LOW HITPOINT WARNING * * *
The black bear claws you but does no damage.
The black bear claws you.
You die...

... ... .....# ...
.#...#..##.#..####...
#....... ............
...#.#.##........... ##
###.#..............
...###...##.##.#........
#........#.....h.......
..##..>..##....@#
#...#........#..##
#.#.##...###...## #
#.###...#.......
#.#...##########
#..............
##.#.#..####### #......#
##.....#


You could see a black bear.

Vanquished Creatures
  A shadow imp (D:6)
1 creature vanquished.

Notes
Turn   | Place    | Note
-------+----------+-------------------------------------------
     0 | D:5      | croobank the Octopode Delver began the quest for the Orb.
     0 | D:5      | Reached XP level 1. HP: 16/16 MP: 1/1
     2 | D:5      | Found a staircase to the Ecumenical Temple.
     2 | D:5      | Noticed a black bear
    29 | Temple   | Entered the Ecumenical Temple
   203 | D:6      | Reached XP level 2. HP: 4/21 MP: 2/2
   400 | D:6      | Noticed an ice beast
   421 | D:5      | Slain by a black bear

Illustrated notes

Levels and vault maps discovered:
D:5:      layout_basic, grunt_temple_overflow_open, minmay_temple_entry_slanted,
          serial_bayou, serial_bayou_pond_b, serial_bayou_lake_a,
          serial_bayou_pond_a, serial_bayou_shore_b
D:6:      layout_basic, dk_yredelemnul_ordeal, lemuel_doored_altar
Temple:   nicolae_temple_superstar

Action                     || total
---------------------------++-------
  Melee: Short sword       ||     7
         Constrict         ||     1
         Punch             ||     1
    Use: Potion            ||     2
         Scroll            ||     1
   Stab: Sleeping          ||     2
 Armour: Skin              ||     3
  Dodge: Dodged            ||    14
